 Seeded DCSS version 0.30-a0-702-gdf48620a09 (webtiles) character file.

Game seed: 10119609085357312639 (custom seed)

7387 flotson the Trooper (level 10, -3/75 HPs)
             Began as a Demonspawn Delver on Jan 21, 2023.
             Was a Priest of Hepliaklqana.
             Slain by Urug
             ... wielding a +4 battleaxe of electrocution
              (15 damage)
             ... on level 10 of the Dungeon.
             The game lasted 00:18:39 (8917 turns).

flotson the Trooper (Demonspawn Delver)             Turns: 8917, Time: 00:18:39

Health: -3/75      AC: 18    Str: 17    XL:     10   Next: 92%
Magic:  15/15      EV: 13    Int: 23    God:    Hepliaklqana [***...]
Gold:   722        SH:  5    Dex: 14    Spells: 9/9 levels left

rFire   + + .      SeeInvis +    b - +7 short sword of Kouc {heavy, rPois rC+ Int+3}
rCold   + . .      Faith    .    A - +0 buckler
rNeg    + + +      Spirit   .    d - +5 ring mail "Nesub" {Contam rF+ rN+++ Int-4}
rPois   +          Reflect  .    C - +0 helmet
rElec   .          Harm     .    O - +1 cloak of Makhleb's Benevolence {rF+ SInv}
rCorr   .          Rampage  .    v - +0 pair of gloves
Will    .....                    (no boots)
Stlth   ++                       z - amulet of regeneration
HPRegen 1.12/turn                r - +6 ring of intelligence
MPRegen 0.14/turn                x - +6 ring of intelligence

@: no status effects
A: reduced essence, rugged brown scales 2, powered by death 1, powered by pain
1, demonic touch 2
a: Renounce Religion, Recall Ancestor, Ancestor Identity, Transference


You were on level 10 of the Dungeon.
You worshipped Hepliaklqana.
Hepliaklqana was most pleased with you.
You visited 2 branches of the dungeon, and saw 11 of its levels.
You also visited: Sewer.

You collected 722 gold pieces.

Inventory:

Hand Weapons
 a - the +0 staff of Battle
   (You found it on level 8 of the Dungeon)

   It enhances your conjuration magic.
   It summons a battlesphere in combat, with strength depending on Conjurations
   skill.
   Its strikes trigger the battlesphere's blasts.
 b - the +7 short sword of Kouc (weapon) {heavy, rPois rC+ Int+3}
   (You found it on level 2 of the Dungeon)

   Int:       It affects your intelligence (+3).
   rC:        It protects you from cold.
   rPois:     It protects you from poison.
Missiles
 o - 6 poisoned darts
 I - 7 boomerangs (quivered)
Armour
 d - the +5 ring mail "Nesub" (worn) {Contam rF+ rN+++ Int-4}
   (You found it on level 4 of the Dungeon)

   Int:       It affects your intelligence (-4).
   rF:        It protects you from fire.
   rN:        It renders you almost immune to negative energy.
   Contam:    It causes magical contamination when unequipped.
 v - a +0 pair of gloves (worn)
 A - a +0 buckler (worn)
 C - a +0 helmet (worn)
 N - a +0 robe of the Archmagi
 O - the +1 cloak of Makhleb's Benevolence (worn) {rF+ SInv}
   (You found it on level 10 of the Dungeon)

   rF:        It protects you from fire.
   SInv:      It lets you see invisible.
Jewellery
 r - a +6 ring of intelligence (left hand)
 u - a ring of fire
 x - a +6 ring of intelligence (right hand)
 z - an amulet of regeneration (around neck)
 G - an amulet of magic regeneration
Wands
 g - a wand of digging (13)
 w - a wand of quicksilver (19)
 F - a wand of flame (32)
 H - a wand of paralysis (4)
 J - a wand of roots (4)
Scrolls
 c - 2 scrolls of fog
 f - 2 scrolls of immolation {unknown}
 h - 3 scrolls of summoning {unknown}
 i - 5 scrolls of blinking {unknown}
 k - 3 scrolls of magic mapping
 m - 3 scrolls of amnesia {unknown}
 p - a scroll of enchant armour {unknown}
 q - 3 scrolls of noise {unknown}
 t - 14 scrolls of identify {unknown}
 y - 2 scrolls of fear
 B - 4 scrolls of teleportation {unknown}
 K - 2 scrolls of vulnerability {unknown}
Potions
 e - 3 potions of mutation {unknown}
 j - a potion of magic {unknown}
 l - 7 potions of curing {unknown}
 n - 2 potions of might {unknown}
 s - 5 potions of lignification {unknown}
 D - 2 potions of heal wounds {unknown}
 E - a potion of attraction {unknown}
 L - 4 potions of ambrosia {unknown}
 M - 2 potions of brilliance {unknown}


   Skills:
 + Level 7.1 Fighting
 - Level 4.3 Axes
 + Level 2.1 Staves
 + Level 5.0 Throwing
 + Level 5.7 Armour
 + Level 6.1 Dodging
 - Level 5.0 Stealth
 + Level 4.7 Shields
 + Level 6.8 Invocations
 + Level 6.1 Evocations


You had 9 spell levels left.
You didn't know any spells.
Your spell library contained the following spells:

 Spells                   Type           Power      Damage    Failure   Level
 Borgnjor's Revivificati  Necr           0%         N/A       100%        8
 Necromutation            Tmut/Necr      0%         N/A       100%        8
 Death's Door             Necr           0%         N/A       100%        9


Dungeon Overview and Level Annotations

Branches:
Dungeon (10/15)            Temple (1/1) D:4            Lair (0/5) D:9
  Sewer (visited)
    Orc: D:9-12

Altars:
Ashenzari
Cheibriados
Dithmenos
Fedhas
Gozag
Hepliaklqana
Kikubaaqudgha
Makhleb
Nemelex Xobeh
Okawaru
Qazlal
Ru
Sif Muna
Trog
Uskayaw
Vehumet
Wu Jian
Xom
Yredelemnul

Annotations:
D:10 Urug


Innate Abilities, Weirdness & Mutations

Your life essence is reduced to manifest your ancestor. (-10% HP)
You are mostly covered in rugged brown scales. (AC +2, +5% HP)
You regenerate a little health from kills.
You sometimes gain a little power by taking damage.
Your touch may inflict irresistible damage on your foes.


Message History

Urug is lightly wounded.
You block Urug's attack.
Urug hits you with a +4 battleaxe of electrocution!
You are electrocuted!!
Urug completely misses Hrothgar.
Hrothgar closely misses Urug.
You closely miss Urug.
Urug is lightly wounded.
Hrothgar casts a spell at Urug.
Urug seems to slow down.
Urug hits you with a +4 battleaxe of electrocution!!
Urug hits Hrothgar with a +4 battleaxe of electrocution!
Hrothgar casts a spell at Urug.
Urug easily resists.
You block Urug's attack.
Urug hits Hrothgar with a +4 battleaxe of electrocution!
You are too injured to fight recklessly!
You are too injured to fight recklessly!
You are too injured to fight recklessly!
You are too injured to fight recklessly!
You are too injured to fight recklessly!
You are too injured to fight recklessly!
You are too injured to fight recklessly!
You are too injured to fight recklessly!
You are too injured to fight recklessly!
You barely miss Urug.
Urug is lightly wounded.
Hrothgar casts a spell at Urug.
Urug easily resists.
You barely miss Urug.
Urug is lightly wounded.
Hrothgar hits Urug with a +0 dagger of draining.
Urug barely misses you.
Urug barely misses Hrothgar.
Hrothgar barely misses Urug.
Hrothgar hits Urug with a +0 dagger of draining!
You puncture Urug!
Urug is heavily wounded.
Hrothgar hits Urug with a +0 dagger of draining.
Urug hits you with a +4 battleaxe of electrocution!
* * * LOW HITPOINT WARNING * * *
You are electrocuted!
You die...

.................# ####.##.......
###....####.....####........#....
.###.######.....#..........####..
...#.##.##..................## ..
#....... ....................# ..
......# ..)................#
.....# #.............##... ...[.#
#.....$......# #... .....###
#..@oR.........#... .......#
#............... .. ......##
#........##.........
......##.#....###.###.........
.............. #.# .........
.........###. #$. .......
.........# . ... .....
............ ..## #......##


You could see the friendly Hrothgar the hexer and Urug (slow, ally target).

Vanquished Creatures
  A two-headed ogre (D:9)
  2 ugly things
  2 tengu conjurers (D:8)
  A troll (D:10)
  A hornet (D:9)
  Grinder (D:3)
  3 yaks (D:8)
  2 orc warriors
  A sky beast (D:3)
  2 ogres
  2 centaurs
  A phantom (D:6)
  2 bullfrogs (D:7)
  3 necrophages
  A scorpion (D:7)
  3 wights (D:9)
  9 killer bees
  A hound (D:4)
  3 jellies
  11 orc priests
  Crazy Yiuf (D:2)
  3 iguanas
  12 orc wizards
  Terence (D:3)
  2 hexers
  Robin (D:3)
  17 adders
  7 river rats (Sewer)
  2 white imps
  An ufetubus (D:6)
  4 worms
  3 dart slugs
  54 orcs
  7 endoplasms
  4 giant cockroaches
  11 goblins
  10 hobgoblins
  10 jackals
  9 quokkas
  13 ball pythons
  14 bats
  2 frilled lizards
  8 kobolds
  10 rats
258 creatures vanquished.

Vanquished Creatures (collateral kills)
  2 trolls
  3 yaks (D:8)
  A black bear (D:7)
  A centaur (D:7)
  A kobold brigand (D:8)
  2 bullfrogs
  A wight (D:9)
  A howler monkey (D:8)
  2 orc priests (D:8)
  2 jellies
  An iguana (D:3)
  5 orc wizards
  7 orcs
  2 kobolds (D:8)
31 creatures vanquished.

Vanquished Creatures (others)
  A hexer (D:9)
  3 ancestors
4 creatures vanquished.

Grand Total: 293 creatures vanquished

Notes
Turn   | Place    | Note
-------+----------+-------------------------------------------
     0 | D:5      | flotson the Demonspawn Delver began the quest for the Orb.
     0 | D:5      | Reached XP level 1. HP: 18/18 MP: 1/1
    30 | D:4      | Noticed a hound
    48 | D:4      | Killed a hound
    49 | D:4      | Gained mutation: You sometimes gain a little power by
                  | taking damage. [demonic ancestry]
    49 | D:4      | Reached XP level 2. HP: 3/24 MP: 2/2
    49 | D:4      | Gained mutation: You are partially covered in rugged brown
                  | scales. (AC +1, +3% HP) [demonic ancestry]
    49 | D:4      | Reached XP level 3. HP: 3/29 MP: 3/3
    69 | D:4      | Reached skill level 1 in Evocations
    75 | D:4      | Identified the +5 ring mail "Nesub" {Contam rF+ rN+++
                  | Int-4}
    91 | D:4      | Found a glowing drain.
   106 | Sewer    | Entered a sewer
   177 | Sewer    | Reached skill level 1 in Armour
   270 | Sewer    | Reached XP level 4. HP: 14/36 MP: 4/4
   513 | Sewer    | Reached skill level 5 in Stealth
   840 | Sewer    | Gained mutation: You are mostly covered in rugged brown
                  | scales. (AC +2, +5% HP) [demonic ancestry]
   840 | Sewer    | Reached XP level 5. HP: 12/44 MP: 5/5
  1433 | D:3      | Noticed Grinder
  1642 | D:2      | Reached skill level 4 in Fighting
  1642 | D:2      | Gained mutation: You regenerate a little health from kills.
                  | [demonic ancestry]
  1642 | D:2      | Reached XP level 6. HP: 50/50 MP: 6/6
  2805 | D:2      | Identified the +7 short sword of Kouc {heavy, rPois rC+
                  | Int+3}
  2942 | D:2      | Found a runed translucent door.
  2943 | D:2      | Noticed Crazy Yiuf
  2948 | D:2      | Killed Crazy Yiuf
  3967 | D:3      | Noticed a sky beast
  3978 | D:3      | Killed a sky beast
  3979 | D:3      | Reached skill level 1 in Throwing
  3979 | D:3      | Gained mutation: Your touch may inflict minor irresistible
                  | damage on your foes. [demonic ancestry]
  3979 | D:3      | Reached XP level 7. HP: 44/57 MP: 7/7
  4069 | D:3      | Noticed Terence
  4075 | D:3      | Killed Terence
  4185 | D:3      | Killed Grinder
  4250 | D:3      | Noticed Robin
  4264 | D:3      | Killed Robin
  4435 | D:4      | Reached skill level 1 in Shields
  4469 | D:4      | Found a staircase to the Ecumenical Temple.
  4473 | Temple   | Entered the Ecumenical Temple
  4537 | Temple   | Became a worshipper of Hepliaklqana the Forgotten
  4802 | D:4      | Found an opulent altar of Gozag.
  5041 | D:5      | Found a snail-covered altar of Cheibriados.
  5041 | D:5      | Found a bloodstained altar of Trog.
  5091 | D:5      | Reached skill level 1 in Invocations
  5091 | D:5      | Gained mutation: Your touch may inflict irresistible damage
                  | on your foes. [demonic ancestry]
  5091 | D:5      | Reached XP level 8. HP: 64/64 MP: 8/8
  5113 | D:5      | Reached skill level 5 in Fighting
  5783 | D:6      | Reached * piety under Hepliaklqana
  6414 | D:7      | Reached XP level 9. HP: 64/64 MP: 11/11
  6858 | D:7      | Found a basalt altar of Yredelemnul.
  6859 | D:7      | Found a shimmering altar of Xom.
  6882 | D:7      | Found a sparkling altar of Nemelex Xobeh.
  6888 | D:7      | Found a burning altar of Makhleb.
  6893 | D:7      | Found a radiant altar of Vehumet.
  6895 | D:7      | Found a shimmering blue altar of Sif Muna.
  6899 | D:7      | Found an ancient bone altar of Kikubaaqudgha.
  6900 | D:7      | Found an ornate altar of the Wu Jian Council.
  7166 | D:8      | Reached skill level 6 in Fighting
  7252 | D:8      | Reached ** piety under Hepliaklqana
  7253 | D:8      | Remembered your ancestor Hrothgar as a hexer
  7275 | D:8      | Reached skill level 5 in Dodging
  7371 | D:8      | Reached skill level 5 in Invocations
  7371 | D:8      | Reached skill level 5 in Evocations
  7383 | D:8      | Reached XP level 10. HP: 64/73 MP: 12/14
  7386 | D:8      | Reached skill level 5 in Armour
  7538 | D:8      | Found the +0 staff of Battle
  8312 | D:9      | Reached skill level 1 in Staves
  8429 | D:9      | Noticed a two-headed ogre
  8439 | D:9      | Killed a two-headed ogre
  8476 | D:9      | Found a staircase to the Lair.
  8599 | D:10     | Entered Level 10 of the Dungeon
  8602 | D:10     | Identified the +1 cloak of Makhleb's Benevolence {rF+ SInv}
  8628 | D:10     | Noticed a cyan ugly thing
  8641 | D:10     | Killed a cyan ugly thing
  8642 | D:10     | Reached skill level 7 in Fighting
  8642 | D:10     | Reached skill level 5 in Throwing
  8689 | D:10     | Reached *** piety under Hepliaklqana
  8742 | D:10     | Noticed Urug
  8742 | D:10     | Noticed a purple ugly thing
  8771 | D:9      | Killed a purple ugly thing
  8917 | D:10     | Slain by Urug

Illustrated notes

Levels and vault maps discovered:
D:1:      roderic_crossed_star, layout_loops_ring, amcnicky_mini_pool_small,
          minmay_liquid_box, chequers_serial_rivers_room_a
D:2:      layout_basic, minmay_indecisive_spiral, uniq_crazy_yiuf_cottage
D:3:      layout_basic, hangedman_decor_lopped, uniq_grinder, uniq_robin,
          uniq_terence
D:4:      layout_loops_ring, kennysheep_mini_moat,
          minmay_temple_entry_glassed_door, gup_sewer_entry_spiral
D:5:      layout_basic, elyvilon_altar_5,
          chequers_temple_overflow_statue_of_worship
D:6:      layout_loops_ring, amcnicky_mini_rare_corridor_liquid,
          amethyst_killhole, minivault_11, minivault_22
D:7:      layout_loops_ring, nicolae_overflow_hallway_of_the_gods,
          supply_closet_lemuel, kennysheep_small_square
D:8:      layout_cave_pools, hellmonk_guarded_unrand_staff_of_battle
D:9:      layout_rooms, lair_entry_dummy, chequers_garden
D:10:     layout_cave_pools, uniq_urug
Temple:   dpeg_three_leaves_temple

Skill      XL: |  1  2  3  4  5  6  7  8  9 10 |
---------------+-------------------------------+-----
Axes           | 2 3 4 |  4.3
Dodging        | 2 3 4 5 6 |  6.1
Evocations     | 1 2 3 4 5 6 |  6.1
Armour         | 1 2 3 4 5 |  5.7
Stealth        | 5 |  5.0
Fighting       | 4 5 6 7 |  7.1
Throwing       | 1 2 3 4 5 |  5.0
Shields        | 1 2 3 4 |  4.7
Invocations    | 1 3 5 6 |  6.8
Staves         | 2 |  2.1

Action                   |  1- 3 |  4- 6 |  7- 9 | 10-12 || total
-------------------------+-------+-------+-------+-------++-------
Melee: Hand axe          |    68 |   231 |       |       ||   299
       War axe           |       |    81 |       |       ||    81
       Short sword       |       |    59 |   359 |   135 ||   553
       Punch             |       |     3 |     1 |       ||     4
       Touch             |       |       |     1 |       ||     1
Throw: Dart              |       |       |       |    10 ||    10
       Boomerang         |       |       |       |     6 ||     6
Invok: Ancestor Life: He |       |       |     1 |       ||     1
Evoke: Wand              |     1 |       |       |       ||     1
  Use: Potion            |     1 |       |       |       ||     1
       Scroll            |     1 |     1 |       |       ||     2
 Stab: Sleeping          |     1 |     9 |    10 |       ||    20
       Distracted        |       |       |     3 |       ||     3
       Confused          |       |       |     1 |     3 ||     4
Armor: Leather armour    |     7 |       |       |       ||     7
       Ring mail         |    38 |   257 |   337 |    81 ||   713
Dodge: Dodged            |    39 |   292 |   391 |   123 ||   845
Block: Buckler           |       |       |   130 |    38 ||   168

Table legend: (Time is in decaauts)
 A = Elapsed time spent in this place.
 B = Non-inter-level travel time spent in this place.
 C = Inter-level travel time spent in this place.
 D = Time resting spent in this place.
 E = Time spent auto-exploring this place.
 F = Levels seen in this place.
 G = Mean time per level.
                   A        B        C        D        E       F      G
               +--------+--------+--------+--------+--------+-----+--------+
         Total |   9464 |   8828 |    636 |    332 |   6083 |  12 |  788.7 |
       Dungeon |   8146 |   7519 |    627 |    277 |   5181 |  10 |  814.6 |
        Temple |     76 |     67 |      9 |      0 |     46 |   1 |   76.0 |
         Sewer |   1241 |   1241 |      0 |     55 |    856 |   1 | 1241.0 |
               +--------+--------+--------+--------+--------+-----+--------+

Top non-repeatable levels by time:
     D:2: 1593 daAuts
   Sewer: 1241 daAuts
     D:3: 1046 daAuts
     D:6: 930 daAuts
     D:7: 894 daAuts
     D:4: 804 daAuts
     D:1: 764 daAuts
     D:8: 734 daAuts
     D:5: 609 daAuts
     D:9: 603 daAuts
    D:10: 164 daAuts
  Temple: 76 daAuts
